 Dungeon Crawl Stone Soup version 0.30-a0-3-gc9032a9cac (webtiles) character file.

Game seed: 13037463087659111583

1920 reko13 the Skirmisher (level 9, 0/54 HPs)
             Began as a Tengu Hunter on Aug 20, 2022.
             Was a Priest of Elyvilon.
             Slain by a wight
             ... wielding a +3 great sword
              (11 damage)
             ... on level 7 of the Dungeon.
             The game lasted 00:45:27 (5181 turns).

reko13 the Skirmisher (Tengu Hunter)                Turns: 5181, Time: 00:45:28

Health: 0/54       AC: 11    Str: 12    XL:     9   Next: 17%
Magic:  1/10       EV: 17    Int: 15    God:    Elyvilon [***...]
Gold:   424        SH:  0    Dex: 22    Spells: 7/8 levels left

rFire   + . .      SeeInvis .    u - +2 dagger (protect)
rCold   . . .      Faith    .    (no shield)
rNeg    . . .      Spirit   .    E - +1 leather armour {rF+}
rPois   .          Reflect  .    (helmet restricted)
rElec   .          Harm     .    (no cloak)
rCorr   .          Rampage  .    (no gloves)
Will    .....                    (boots unavailable)
Stlth   ++........               (no amulet)
HPRegen 0.18/turn                y - +6 ring of intelligence
MPRegen 0.12/turn                (no ring)

@: under a protective aura, flying quickly and evasively, quick
A: beak, talons 3, nimble flight
a: Renounce Religion, Purification, Heal Other, Heal Self


You were on level 7 of the Dungeon.
You worshipped Elyvilon.
Elyvilon was most pleased with you.
You visited 1 branch of the dungeon, and saw 7 of its levels.
You also visited: Sewer.

You collected 424 gold pieces.

Inventory:

Hand Weapons
 a - a +0 shortbow
 e - a +0 hand axe
 f - a +2 vorpal sling
 u - a +2 dagger of protection (weapon)
 D - a +2 rapier of speed
 F - a +1 dagger of venom
Missiles
 k - 68 stones
 l - 4 boomerangs
 s - 11 javelins
 C - 13 poisoned darts
Armour
 c - a +0 leather armour
 d - a +0 leather armour
 E - a +1 leather armour of fire resistance (worn)
Jewellery
 y - a +6 ring of intelligence (left hand)
Wands
 x - a wand of flame (24)
 I - a wand of digging (4)
Scrolls
 b - 2 scrolls of immolation
 g - a scroll of poison {unknown}
 i - a scroll of torment {unknown}
 m - 3 scrolls of vulnerability {unknown}
 n - 2 scrolls of teleportation {unknown}
 o - 2 scrolls of enchant armour {unknown}
 q - 2 scrolls of silence {unknown}
 t - 3 scrolls of identify {unknown}
 v - 3 scrolls of noise {unknown}
 B - a scroll of enchant weapon {unknown}
 H - a scroll of blinking {unknown}
 J - a scroll of fear {unknown}
Potions
 j - a potion of degeneration {unknown}
 p - a potion of lignification {unknown}
 r - a potion of attraction
 w - 2 potions of magic {unknown}
 z - a potion of flight {unknown}
 A - a potion of might {unknown}
 G - a potion of heal wounds {unknown}


   Skills:
 + Level 5.0 Fighting
 + Level 3.6 Short Blades
 + Level 9.6 Ranged Weapons
 + Level 4.4 Armour
 + Level 4.5 Dodging
 + Level 2.9 Stealth
 + Level 1.0 Invocations


You had 7 spell levels left.
You knew the following spells:

 Your Spells              Type           Power      Damage    Failure   Level
a - Freeze                Ice            0%         1d3       34%         1

Your spell library contained the following spells:

 Spells                   Type           Power      Damage    Failure   Level
 Sting                    Tmut/Pois      0%         1d3       34%         1
 Ensorcelled Hibernation  Hex/Ice        0%         N/A       45%         2
 Passwall                 Tmut/Erth      0%         N/A       45%         2
 Poisonous Vapours        Pois/Air       0%         N/A       45%         2
 Static Discharge         Conj/Air       0%         3-3/arc   45%         2
 Frozen Ramparts          Ice            0%         1d1       71%         3
 Stone Arrow              Conj/Erth      0%         3d7       71%         3
 Swiftness                Air            0%         N/A       71%         3
 Animate Armour           Summ/Erth      0%         N/A       98%         4
 Corpse Rot               Necr/Pois/Air  0%         N/A       98%         4
 Dispel Undead            Necr           0%         3d6       98%         4
 Ice Form                 Ice/Tmut       0%         N/A       98%         4
 Olgreb's Toxic Radiance  Pois           0%         N/A       98%         4
 Summon Ice Beast         Ice/Summ       0%         N/A       98%         4
 Lightning Bolt           Conj/Air       0%         1d11      100%        5
 Death Channel            Necr           0%         N/A       100%        6
 Lehudib's Crystal Spear  Conj/Erth      0%         10d2      100%        8
 Maxwell's Capacitive Co  Air            0%         ∞         100%        8


Dungeon Overview and Level Annotations

Branches:
Dungeon (7/15)              Sewer (visited)
 Temple: D:4-7

Altars:
Cheibriados
Elyvilon
Qazlal
Ru
Trog
Zin

Shops:
D:1 **

Annotations:
D:7 Menkaure


Innate Abilities, Weirdness & Mutations

You have a beak for a mouth.
You have claws for feet.
Your magical nature lets you fly swiftly and evasively.


Message History

* * * LOW HITPOINT WARNING * * *
You feel very sick.
You are healed.
You feel very sick.
The kobold brigand throws a poisoned dart.
The poisoned dart hits you!
You are more poisoned.
The wight hits you with a +2 hand axe.
You are healed.
You feel very sick.
A kobold comes into view. It is wielding a +0 dagger.
You hit the wight. You claw the wight, but do no damage. You peck the wight.
The wight is heavily damaged.
You feel sick. The wight closely misses you. x2
You barely miss the wight.
The wight is heavily damaged.
You feel sick.
A kobold comes into view. It is wielding a +0 hand axe.
The wight hits you with a +2 hand axe.
You feel drained. The wight barely misses you.
You barely miss the wight.
The wight is heavily damaged.
You feel sick.
Menkaure calls on the powers of darkness!
Your body is wracked with pain!
* * * LOW HITPOINT WARNING * * *
You hit the wight but do no damage.
The wight is heavily damaged.
You feel sick. The wight hits you with a +2 hand axe!
* * * LOW HITPOINT WARNING * * *
You feel drained.
* * * LOW HITPOINT WARNING * * *
The wight closely misses you.
You are healed.
You feel sick. The wight barely misses you. x2
Menkaure calls on the powers of darkness!
Your body is wracked with pain!
* * * LOW HITPOINT WARNING * * *
You feel purified! The wight barely misses you.
The wight hits you with a +3 great sword!
You die... #.# #.# #.# KK#

#K# #K#
###z# #Mz@#
#z### #.#
#.# #z# #F#
#.#
#.#########.
#...z..z....


You could see a kobold brigand, Menkaure (fast), 3 wights and 3 kobolds.

Vanquished Creatures
  A two-headed ogre (D:6)
  Eustachio (D:4)
  A steam dragon (D:7)
  A water moccasin (D:6)
  An ice beast (D:5)
  Pargi (Sewer)
  2 ogres
  A phantom (D:3)
  A bullfrog (D:6)
  3 scorpions (D:6)
  A howler monkey (D:5)
  A jelly (D:5)
  An orc priest (D:6)
  4 hounds
  An orc wizard (D:6)
  4 adders
  A white imp (D:6)
  2 ufetubi (D:6)
  2 worms
  A dart slug (D:1)
  5 orcs
  7 bats
  6 endoplasms
  4 giant cockroaches
  5 goblins
  10 hobgoblins
  3 jackals
  3 quokkas
  7 ball pythons
  2 frilled lizards
  7 kobolds
  9 rats
99 creatures vanquished.

Vanquished Creatures (others)
  3 plants (D:1)
3 creatures vanquished.

Grand Total: 102 creatures vanquished

Notes
Turn   | Place    | Note
-------+----------+-------------------------------------------
     0 | D:1      | reko13 the Tengu Hunter began the quest for the Orb.
     0 | D:1      | Reached XP level 1. HP: 12/12 MP: 2/2
    13 | D:1      | Found Pahin's Assorted Antiques.
   122 | D:1      | Reached XP level 2. HP: 12/17 MP: 3/3
   230 | D:1      | Reached skill level 5 in Ranged Weapons
   257 | D:1      | Found a faded altar of an unknown god.
   264 | D:1      | Got Plato's Exposition on the Blizzard
   269 | D:1      | Prayed at the altar of an unknown god.
   269 | D:1      | Became a worshipper of Elyvilon the Healer
   269 | D:1      | Reached * piety under Elyvilon
   343 | D:1      | Found Etesmetu's General Store.
   350 | D:1      | Learned a level 1 spell: Freeze
   655 | D:2      | Reached XP level 3. HP: 21/21 MP: 4/4
   737 | D:2      | Reached ** piety under Elyvilon
  1333 | D:3      | Reached *** piety under Elyvilon
  1333 | D:3      | Found a bloodstained altar of Trog.
  1581 | D:3      | Noticed a phantom
  1592 | D:3      | Killed a phantom
  1593 | D:3      | Reached skill level 6 in Ranged Weapons
  1593 | D:3      | Reached skill level 1 in Armour
  1593 | D:3      | Reached XP level 4. HP: 19/27 MP: 5/5
  1593 | D:3      | Gained mutation: Your magical nature lets you fly swiftly
                  | and evasively. [Tengu growth]
  1593 | D:3      | Reached XP level 5. HP: 21/31 MP: 6/6
  1762 | D:3      | Found a snail-covered altar of Cheibriados.
  1828 | D:3      | Found a stormy altar of Qazlal.
  2187 | D:4      | Noticed an ogre
  2193 | D:4      | Elyvilon protects you from harm!
  2194 | D:4      | Killed an ogre
  2195 | D:4      | Reached XP level 6. HP: 35/36 MP: 7/7
  2314 | D:4      | Found a sacrificial altar of Ru.
  2663 | D:4      | Noticed Eustachio
  2701 | D:4      | Killed Eustachio
  2702 | D:4      | Reached skill level 7 in Ranged Weapons
  2926 | D:4      | Reached **** piety under Elyvilon
  3088 | D:5      | Entered Level 5 of the Dungeon
  3151 | D:5      | Reached XP level 7. HP: 33/41 MP: 8/8
  3201 | D:5      | HP: 2/41 [ice beast (11)]
  3320 | D:5      | Elyvilon protects you from harm!
  3325 | D:5      | Reached skill level 8 in Ranged Weapons
  3501 | D:5      | Found a glowing drain.
  3521 | Sewer    | Entered a sewer
  3554 | Sewer    | Noticed Pargi
  3563 | Sewer    | Killed Pargi
  3564 | Sewer    | Reached skill level 1 in Short Blades
  3798 | D:6      | Reached XP level 8. HP: 47/47 MP: 9/9
  4331 | D:6      | Noticed a two-headed ogre
  4349 | D:6      | Killed a two-headed ogre
  4350 | D:6      | Reached skill level 9 in Ranged Weapons
  4350 | D:6      | Reached skill level 1 in Invocations
  4350 | D:6      | Reached XP level 9. HP: 24/53 MP: 7/10
  4531 | D:6      | Found a glowing silver altar of Zin.
  4946 | D:6      | Reached skill level 5 in Fighting
  5139 | D:7      | Noticed Menkaure
  5181 | D:7      | Slain by a wight

Illustrated notes

Levels and vault maps discovered:
D:1:      minmay_arrival_up_and_down, layout_rooms,
          shapermc_ecumenical_altar_rom_forum, serial_shops, shop,
          nicolae_shop_overgrown_old_shop, minmay_tripent
D:2:      layout_basic
D:3:      layout_basic, mainiacjoe_overflow_brackets, mainiacjoe_overflow_swirl,
          kennysheep_generic_room_6
D:4:      layout_loops_ring, hangedman_ru_absence, uniq_eustachio
D:5:      layout_basic, gup_sewer_entry_glass
D:6:      layout_basic, amcnicky_altar_gilded
D:7:      layout_loops_ring, nicolae_tso_swordbearing_angel,
          minmay_temple_entry_overgrown, uniq_prince_ribbit1, uniq_duvessa,
          uniq_menkaure

Skill      XL: |  1  2  3  4  5  6  7  8  9 |
---------------+----------------------------+-----
Ranged Weapons | 5 6 7 8 9 |  9.6
Armour         | 1 2 3 4 |  4.4
Fighting       | 3 4 5 |  5.0
Dodging        | 3 4 |  4.5
Stealth        | 2 |  2.9
Short Blades   | 1 3 |  3.6
Invocations    | 1 |  1.0

Action                   |  1- 3 |  4- 6 |  7- 9 || total
-------------------------+-------+-------+-------++-------
Melee: Dagger            |    11 |    44 |    93 ||   148
       Kick              |     7 |    13 |    36 ||    56
       Peck              |     3 |     8 |    23 ||    34
       Punch             |       |     1 |       ||     1
 Fire: Shortbow          |    15 |       |       ||    15
       Sling             |    70 |    47 |    72 ||   189
Invok: Heal Self         |       |       |     8 ||     8
       Purification      |       |       |     1 ||     1
Evoke: Wand              |       |       |     1 ||     1
  Use: Potion            |       |     2 |     5 ||     7
Armor: Leather armour    |    10 |    24 |    18 ||    52
Dodge: Dodged            |    22 |    50 |    71 ||   143

Table legend: (Time is in decaauts)
 A = Elapsed time spent in this place.
 B = Non-inter-level travel time spent in this place.
 C = Inter-level travel time spent in this place.
 D = Time resting spent in this place.
 E = Time spent auto-exploring this place.
 F = Levels seen in this place.
 G = Mean time per level.
                   A        B        C        D        E       F      G
               +--------+--------+--------+--------+--------+-----+--------+
         Total |   4943 |   2699 |   2244 |    889 |   1044 |   8 |  617.9 |
       Dungeon |   4841 |   2597 |   2244 |    889 |   1029 |   7 |  691.6 |
         Sewer |    102 |    102 |      0 |      0 |     14 |   1 |  102.0 |
               +--------+--------+--------+--------+--------+-----+--------+

Top non-repeatable levels by time:
     D:6: 1269 daAuts
     D:3: 1011 daAuts
     D:4: 877 daAuts
     D:1: 632 daAuts
     D:5: 545 daAuts
     D:2: 467 daAuts
   Sewer: 102 daAuts
     D:7: 36 daAuts
